Map: Alcyone LE

Players

jeannysu - Winner!

  • Race: Terran Terran
  • Spawn Location: 1:00

인공지능 칸 (정예)

  • Race: Terran Terran
  • Spawn Location: 7:00

VOD

Have the link to the VOD?

Description

Time

  • Played on: Oct. 2, 2025, 10:05 a.m.
  • Length: 18:26
Show
View Real Time Build Order
Export as new Build Order

jeannysu Terran - Winner!

Build Orders: Mech 

Get SALT Encoding   

  12  0:00  SCV  
  13  0:16  Supply Depot, SCV  
  14  0:28  SCV  
  15  0:40  Barracks  
  15  0:42  Refinery  
  15  0:44  SCV  
  16  0:56  SCV  
  17  1:08  SCV  
  18  1:20  SCV  
  19  1:30  Barracks Reactor  
  19  1:31  Command Center  
  19  1:37  SCV  
  20  1:49  Orbital Command  
  20  2:05  Factory  
  20  2:07  Refinery  
  20  2:12  Marine x2  
  22  2:20  Supply Depot  
  22  2:29  SCV  
  23  2:41  SCV  
  23  2:43  Orbital Command  
  24  2:47  Refinery  
  24  2:50  Supply Depot  
  24  2:54  SCV  
  25  3:01  Barracks Tech Lab  
  25  3:04  Starport  
  25  3:06  Hellion  
  29  3:13  Hellion  
  29  3:18  SCV  
  30  3:33  Marauder  
  32  3:34  Hellion  
  32  3:35  Hellion  
  32  3:39  SCV x2  
  38  3:49  Starport Tech Lab  
  38  3:52  SCV  
  38  3:53  Factory  
  39  4:09  SCV x2  
  41  4:21  SCV x2  
  41  4:22  Refinery  
  43  4:26  Hellion  
  43  4:28  Hellion  
  43  4:30  Stimpack  
  47  4:33  Raven, SCV x2  
  47  4:36  Factory  
  51  4:45  SCV x2  
  52  4:51  Marine  
  54  5:02  Supply Depot  
  54  5:03  SCV x2, Factory Tech Lab  
  56  5:09  Marauder  
  58  5:15  SCV x2  
  58  5:20  Factory Tech Lab  
  60  5:21  Factory Tech Lab  
  60  5:25  Starport  
  60  5:27  Raven, SCV x2  
  64  5:28  Interference Matrix  
  64  5:31  Supply Depot  
  64  5:39  SCV x2  
  66  5:47  Siege Tank  
  66  5:49  Marine  
  69  5:52  Siege Tank x2, SCV x2  
  78  5:57  Supply Depot  
  78  6:08  Command Center  
  78  6:12  Starport Reactor  
  78  6:17  Factory  
  78  6:18  Marine, SCV x2  
  81  6:40  Command Center  
  81  6:45  Supply Depot, Factory  
  81  6:48  Armory  
  81  6:50  Liberator, Armory  
  84  7:06  Liberator, Factory Tech Lab  
  87  7:28  Factory Tech Lab  
  87  7:38  Factory Tech Lab  
  87  7:46  Refinery  
  87  7:58  Supply Depot  
  87  8:00  Terran Vehicle Weapons Level 1, Terran Vehicle And Ship Armor Level 1  
  87  8:02  Liberator x2  
  87  8:05  Raven  
  95  8:12  Cyclone x2  
  82  8:31  Supply Depot  
  82  8:34  Hellbat  
  84  8:37  Factory Reactor  
  84  8:39  Factory  
  84  8:44  Hellbat  
  86  8:55  Hellbat  
  88  8:58  Supply Depot  
  88  9:03  Orbital Command  
  88  9:04  Refinery  
  88  9:31  Siege Tank x2  
  94  9:32  Cyclone  
  94  9:33  Hellion x2  
  94  9:36  Raven, Liberator  
  100  9:55  Hellion x2  
  104  10:03  Cyclone x2  
  104  10:04  Siege Tank  
  113  10:14  Viking  
  113  10:15  Viking  
  113  10:19  Viking  
  117  10:35  Siege Tank x2  
  117  11:13  Siege Tank x3  
  126  11:31  Terran Vehicle And Ship Armor Level 2, Terran Vehicle Weapons Level 2  
  126  11:33  Supply Depot  
  126  11:35  Siege Tank  
  126  11:37  Viking  
  131  11:45  Siege Tank  
  132  12:24  Command Center  
  127  12:57  Siege Tank x3  
  136  13:05  Factory  
  125  13:29  Siege Tank x3  
  134  14:01  Siege Tank  
  134  14:02  Siege Tank x2  
  143  14:19  Hellion  
  143  14:27  Supply Depot  
  143  14:33  Siege Tank  
  143  14:34  Siege Tank x2  
  152  15:00  Command Center  
  152  15:05  Siege Tank  
  152  15:06  Siege Tank x2  
  161  15:09  Command Center  
  161  15:18  Command Center  
  161  15:23  Command Center  
  161  15:29  Command Center x2  
  161  15:34  Command Center  
  161  15:37  Siege Tank  
  161  15:38  Siege Tank x2  
  161  15:39  Command Center  
  170  15:46  Command Center  
  170  16:01  Factory Tech Lab  
  170  16:09  Siege Tank  
  170  16:10  Siege Tank  
  176  16:16  Thor  
  182  16:41  Thor  
  182  16:42  Thor  
  194  17:00  Engineering Bay  
  194  17:35  Missile Turret  
  194  17:40  SCV  
  195  17:56  Missile Turret  
  195  18:06  Sensor Tower  
  195  18:09  Sensor Tower  
  195  18:16  Missile Turret  
Show
View Real Time Build Order
Export as new Build Order

인공지능 칸 (정예) Terran 

Build Orders:  

Get SALT Encoding   

  12  0:00  SCV  
  13  0:13  SCV  
  14  0:18  Supply Depot  
  14  0:25  SCV  
  15  0:29  Refinery  
  15  0:40  SCV  
  16  0:46  Barracks  
  16  0:52  SCV  
  18  1:04  SCV  
  18  1:16  SCV  
  19  1:33  Marine  
  19  1:35  Supply Depot  
  19  1:36  Orbital Command, Factory  
  20  1:49  Barracks  
  20  1:51  Marine  
  21  2:02  SCV  
  21  2:04  Refinery  
  22  2:09  Marine  
  22  2:14  SCV  
  24  2:19  Supply Depot  
  24  2:20  Factory Tech Lab  
  24  2:26  SCV  
  24  2:27  Marine  
  26  2:36  Marine  
  27  2:41  Siege Tank  
  27  2:43  SCV  
  31  2:47  Marine  
  32  2:53  Marine  
  32  2:57  Supply Depot, SCV  
  34  3:04  Marine  
  35  3:11  Marine  
  36  3:13  Siege Tank  
  36  3:19  SCV  
  40  3:22  Marine  
  41  3:28  Supply Depot  
  41  3:29  Marine  
  42  3:36  SCV  
  43  3:45  Siege Tank  
  46  4:02  SCV  
  47  4:03  Command Center  
  47  4:04  Barracks Tech Lab  
  47  4:07  Barracks Tech Lab  
  47  4:14  SCV  
  48  4:20  Supply Depot  
  48  4:24  Marauder  
  50  4:26  SCV  
  50  4:28  Marauder  
  53  4:38  Stimpack, SCV  
  52  4:45  Marauder  
  54  4:49  Marine  
  54  4:52  Engineering Bay  
  55  5:01  Combat Shield  
  55  5:06  Marauder  
  57  5:13  Supply Depot  
  57  5:16  Marauder  
  57  5:17  Terran Infantry Armor Level 1  
  59  5:23  SCV  
  59  5:25  SCV  
  59  5:28  Marauder  
  63  5:35  SCV  
  64  5:37  Marauder, SCV  
  67  5:47  SCV  
  67  5:49  Marauder, SCV  
  71  5:59  SCV  
  71  6:01  SCV  
  73  6:06  Marine, Engineering Bay  
  73  6:09  Barracks  
  73  6:10  Marine  
  75  6:11  SCV  
  75  6:17  Command Center  
  75  6:18  Concussive Shells  
  76  6:24  Marauder  
  76  6:25  SCV  
  79  6:29  Supply Depot, SCV  
  80  6:35  Terran Infantry Weapons Level 1  
  80  6:37  SCV  
  83  6:40  Marauder  
  83  6:41  SCV  
  84  6:48  Starport  
  84  6:49  SCV  
  84  6:54  SCV  
  86  6:57  Supply Depot, Barracks Reactor  
  86  6:58  Marine  
  86  7:01  Marine, SCV  
  89  7:08  Orbital Command  
  89  7:13  Missile Turret  
  89  7:16  Marauder, Missile Turret  
  89  7:19  Marauder  
  89  7:22  Supply Depot  
  93  7:24  Medivac  
  95  7:32  Barracks, SCV  
  95  7:34  SCV  
  95  7:36  SCV  
  98  7:44  SCV  
  98  7:46  SCV  
  98  7:49  SCV  
  101  7:53  Missile Turret  
  101  7:54  Medivac  
  101  7:56  Missile Turret, SCV  
  104  7:58  SCV  
  104  8:01  SCV  
  104  8:05  Marine  
  107  8:06  Marine  
  107  8:07  Marine  
  107  8:08  SCV  
  107  8:11  SCV  
  107  8:13  Supply Depot, SCV  
  107  8:16  Marine  
  90  8:20  SCV  
  90  8:23  Marine, Siege Tank  
  90  8:24  Starport Reactor, Marine, SCV  
  90  8:25  Marine  
  90  8:26  Marine  
  93  8:28  SCV  
  93  8:32  SCV  
  93  8:33  Marine  
  96  8:36  SCV  
  96  8:40  Marine  
  98  8:44  Refinery  
  98  8:45  Refinery  
  98  8:49  Refinery, Orbital Command  
  98  8:50  Refinery  
  98  8:55  Siege Tank  
  101  8:58  Marine  
  101  8:59  Marine  
  101  9:00  Liberator, Medivac  
  108  9:07  SCV x2  
  110  9:13  Marine x2  
  110  9:15  Supply Depot  
  112  9:19  SCV  
  112  9:20  SCV x2  
  112  9:27  Siege Tank  
  112  9:28  Marine  
  112  9:29  Marine  
  112  9:30  Marine, Liberator  
  112  9:31  SCV  
  122  9:32  SCV  
  122  9:33  SCV  
  122  9:37  Marine  
  122  9:38  Supply Depot  
  125  9:42  Marine  
  125  9:43  SCV, Liberator  
  125  9:46  Marauder  
  125  9:47  Marauder  
  125  9:48  Marine  
  115  9:54  Marine  
  115  9:59  SCV  
  99  10:00  Marine  
  99  10:01  Missile Turret  
  99  10:06  Marine  
  101  10:08  Marauder, Marine  
  101  10:12  Marine  
  101  10:13  Liberator  
  106  10:15  Armory  
  106  10:17  Marine  
  106  10:22  Missile Turret  
  106  10:24  Marine  
  106  10:26  Marauder, Liberator  
  110  10:29  Marauder  
  110  10:30  Marine  
  110  10:35  Command Center, Marine  
  103  10:40  Factory  
  103  10:42  Marine  
  101  10:43  Missile Turret  
  101  10:45  Starport  
  101  10:48  Marauder, Marine  
  99  10:50  Marauder  
  99  10:53  Marine  
  99  10:56  Liberator  
  94  10:59  Marine, SCV  
  94  11:03  Terran Infantry Weapons Level 2  
  88  11:06  Marine  
  88  11:08  Liberator  
  88  11:09  Marine  
  88  11:11  Marine  
  84  11:12  Marauder  
  84  11:17  Marine  
  87  11:21  Viking  
  87  11:23  Marine  
  90  11:25  Barracks, Factory Tech Lab  
  90  11:27  Marauder  
  90  11:28  Hellion, SCV  
  90  11:29  Marine, SCV  
  90  11:30  SCV  
  92  11:33  Marine  
  92  11:39  Liberator  
  86  11:40  SCV  
  86  11:41  SCV  
  86  11:42  SCV  
  86  11:45  Hellion  
  86  11:47  SCV  
  82  11:49  Marine  
  82  11:50  Refinery, Hellion  
  82  11:51  Starport Tech Lab, Marine, Viking  
  82  11:52  SCV  
  82  11:53  SCV  
  79  11:54  Marine, SCV  
  79  11:56  Marine  
  79  11:57  Marine  
  79  12:00  SCV  
  80  12:05  SCV  
  80  12:06  Hellion  
  73  12:09  Liberator  
  73  12:10  SCV  
  73  12:11  Siege Tank  
  73  12:13  SCV  
  69  12:17  Marine  
  69  12:19  Marine  
  69  12:21  Viking, Liberator  
  72  12:23  Marine  
  69  12:34  Siege Tank  
  54  12:50  Siege Tank, SCV  
  54  12:51  SCV  
  24  13:35  Command Center  
  16  15:03  SCV  
  17  15:15  SCV  
  18  15:38  Hellion, Marine, SCV  
  22  16:11  Marine, SCV  
  24  17:37  Marine  
  24  17:39  SCV  
  17  17:51  SCV  
  12  18:04  SCV  
Tags
 
Composition
Mech
Matchup
TvT
Race
Terran
Replay Pack
새 폴더
Spawn Locations
Cross Positions
Add a new tag
Caveats
  • Supply blocks, unpowered buildings, or Contaminate may cause inaccurate times.
  • Supply counts are checked every 10 seconds.